 Dungeon Crawl Stone Soup version 0.28-a0-1190-g77e1c55843 (webtiles) character file.

Game seed: 1390575695834474661

54 fragbeetle the Poker (level 3, -2/28 HPs)
             Began as a Merfolk Gladiator on Dec 18, 2021.
             Slain by an orc wizard (3 damage)
             ... on level 2 of the Dungeon.
             The game lasted 00:03:45 (2080 turns).

fragbeetle the Poker (Merfolk Gladiator)            Turns: 2080, Time: 00:03:46

Health: -2/28      AC:  4    Str: 14    XL:     3   Next: 91%
Magic:  3/3        EV: 13    Int:  9    God:
Gold:   169        SH:  0    Dex: 15    Spells: 2/2 levels left

rFire   . . .      SeeInvis .   a - +0 trident
rCold   . . .      Faith    .   (no shield)
rNeg    . . .      Spirit   .   b - +0 leather armour
rPois   .          Reflect  .   c - +0 helmet
rElec   .          Harm     .   (no cloak)
rCorr   .          Rampage  .   (no gloves)
Will    .....                   (no boots)
Stlth   +.........              (no amulet)
HPRegen 0.09/turn               (no ring)
MPRegen 0.08/turn               (no ring)

@: no status effects
A: (nimble swimmer 2), mertail
a: no special abilities


You were on level 2 of the Dungeon.
You visited 1 branch of the dungeon, and saw 3 of its levels.

You collected 169 gold pieces.

Inventory:

Hand Weapons
 a - a +0 trident (weapon)
 k - a +0 hunting sling
Missiles
 d - 3 throwing nets (quivered)
 e - 91 stones
 l - 49 sling bullets
Armour
 b - a +0 leather armour (worn)
 c - a +0 helmet (worn)
Scrolls
 g - 3 scrolls of identify {unknown}
 h - a scroll of immolation {unknown}
 i - a scroll of silence {unknown}
Potions
 f - 2 potions of mutation {unknown}
 j - a potion of curing {unknown}


   Skills:
 + Level 2.9 Fighting
 + Level 5.1 Polearms
 - Level 2.0 Throwing
 + Level 1.0 Armour
 + Level 4.6 Dodging


You had 2 spell levels left.
You didn't know any spells.
Your spell library contained the following spells:

 Spells                   Type           Power      Damage    Failure   Level
 Foxfire                  Conj/Fire      0%         2x1d4     45%         1
 Sandblast                Erth           0%         2d4       45%         1
 Passwall                 Tmut/Erth      0%         N/A       58%         2
 Conjure Flame            Conj/Fire      0%         6-21      83%         3
 Inner Flame              Hex/Fire       0%         N/A       83%         3
 Stone Arrow              Conj/Erth      0%         3d7       83%         3
 Flame Wave               Conj/Fire      0%         2d4       99%         4


Dungeon Overview and Level Annotations

Branches:
Dungeon (3/15)

Altars:
Sif Muna


Innate Abilities, Weirdness & Mutations

((You are quick and stealthy near water. (Stealth+, EV+, Speed+++)))
Your lower body shifts to a powerful aquatic tail in water.


Message History

You hear some strange, mumbled words.
A magic dart appears from out of thin air!
The magic dart hits you! Something barely misses you.
You miss something.
An orc wizard comes into view. It is wielding a +0 dagger.
Something hits you but does no damage.
You puncture something!
You hear some strange, mumbled words.
You are confused.
You're too confused to move!
There is an open door here.
You're too confused to move!
The orc wizard gestures at you while chanting.
You are more confused.
You barely miss the orc. The orc closely misses you.
The orc wizard gestures at you while chanting.
You resist with significant effort.
You bump into the rock wall.
The orc misses you.
You hear some strange, mumbled words.
A puff of flame appears from out of thin air!
The puff of flame hits you! The orc hits you with a +0 flail.
There is a stone staircase leading up here.
You hear some strange, mumbled words.
Something tries to affect you, but you resist.
You climb upwards.
Reactivating autopickup.
You feel less confused.
There is a stone staircase leading down here.
You hit the orc.
The orc is almost dead.
The orc barely misses you. Something hits you.
* * * LOW HITPOINT WARNING * * *
Deactivating autopickup; reactivate with Ctrl-A.
You closely miss the orc.
The orc is almost dead.
The orc hits you with a +0 flail.
* * * LOW HITPOINT WARNING * * *
Something hits you.
You die...

#.# #.# #.#
#.# ######.#
#.# #......#
#.# #.######
#.# #.# #.#
#.# #.# #.#
#{# #.# #@#
#.# #o# ##.#
#.# ...# #.#
####
###########.#
#...........#
#.###########
#.# #.#


You could see an orc.

Vanquished Creatures
  An adder (D:2)
  A worm (D:2)
  A dart slug (D:1)
  5 endoplasms
  A giant cockroach (D:3)
  3 goblins
  5 hobgoblins
  A quokka (D:1)
  6 ball pythons
  4 bats
  4 frilled lizards
  2 kobolds
  5 rats
39 creatures vanquished.

Notes
Turn   | Place    | Note
-------+----------+-------------------------------------------
     0 | D:1      | fragbeetle the Merfolk Gladiator began the quest for the
                  | Orb.
     0 | D:1      | Reached XP level 1. HP: 16/16 MP: 1/1
   222 | D:1      | Reached XP level 2. HP: 19/23 MP: 2/2
   611 | D:1      | Found a faded altar of an unknown god.
   629 | D:1      | Reached XP level 3. HP: 28/28 MP: 3/3
  1225 | D:2      | Reached skill level 5 in Polearms
  1731 | D:2      | Reached skill level 1 in Armour
  1873 | D:3      | Found a shimmering blue altar of Sif Muna.
  2080 | D:2      | HP: 1/28 [orc (5)]
  2080 | D:2      | Slain by an orc wizard

Illustrated notes

Levels and vault maps discovered:
D:1:      saegor_arrival_simple_b, layout_rooms,
          hellmonk_ecumenical_altar_pennies_from_heaven
D:2:      layout_loops_ring
D:3:      layout_basic, lemuel_round_altar, grunt_decor_mini_mirrors

Skill      XL: |  1  2  3 |
---------------+----------+-----
Polearms       | 5 |  5.1
Armour         | 1 |  1.0
Fighting       | |  2.9
Throwing       | |  2.0
Dodging        | |  4.6

Action                   || total
-------------------------++-------
Melee: Trident           ||   113
 Stab: Sleeping          ||     1
Armor: Leather armour    ||    20
Dodge: Dodged            ||    61

Table legend: (Time is in decaauts)
 A = Elapsed time spent in this place.
 B = Non-inter-level travel time spent in this place.
 C = Inter-level travel time spent in this place.
 D = Time resting spent in this place.
 E = Time spent auto-exploring this place.
 F = Levels seen in this place.
 G = Mean time per level.
                   A        B        C        D        E       F      G
               +--------+--------+--------+--------+--------+-----+--------+
         Total |   2085 |   2036 |     49 |    268 |   1297 |   3 |  695.0 |
       Dungeon |   2085 |   2036 |     49 |    268 |   1297 |   3 |  695.0 |
               +--------+--------+--------+--------+--------+-----+--------+

Top non-repeatable levels by time:
     D:2: 880 daAuts
     D:1: 860 daAuts
     D:3: 345 daAuts
